 Dungeon Crawl Stone Soup version 0.27-a0-686-gaed091b46b (webtiles) character file.

Game seed: 12995867910701982329

250990 wakim the Warrior (level 19, -12/270 HPs)
             Began as a Minotaur Berserker on Mar 20, 2021.
             Was a High Priest of Trog.
             Killed from afar by an ironbound thunderhulk (34 damage)
             ... with a bolt of lightning
             ... led by a vault warden
             ... on level 4 of the Vaults.
             The game lasted 01:44:53 (38967 turns).

wakim the Warrior (Minotaur Berserker)             Turns: 38967, Time: 01:44:54

Health: -12/270    AC: 42    Str: 43    XL:     19   Next: 31%
Magic:  18/18      EV: 11    Int: 16    God:    Trog [*****.]
Gold:   2541       SH: 30    Dex:  7    Spells: 18/18 levels left

rFire    . . .     SeeInvis +   a - +9 demon whip (flame)
rCold    + . .     Faith    .   P - +0 tower shield
rNeg     . . .     Spirit   .   f - +15 plate armour of Byahon {rPois}
rPois    +         Reflect  +   O - +2 hat {SInv}
rElec    .         Harm     .   l - +2 cloak {Will+}
rCorr    .         Rampage  .   n - +0 pair of gloves of Altruism {Regen+ Str+6}
Will     +++++                  c - +0 pair of boots
Stlth    ..........             g - amulet of reflection
HPRegen  2.55/turn              q - ring "Riler" {rC+ Int+6}
MPRegen  0.16/turn              j - ring of Beisuag {Will++ Str+9 Int+6 Dex-5}

@: berserking, frozen, regenerating, quick
A: horns 2, retaliatory headbutt
}: 1/15 runes: gossamer
a: Renounce Religion, Berserk, Trog's Hand, Brothers in Arms


You were on level 4 of the Vaults.
You worshipped Trog.
Trog was extremely pleased with you.
You visited 6 branches of the dungeon, and saw 32 of its levels.
You also visited: Ossuary, Gauntlet and Ice Cave.

You collected 3232 gold pieces.
You spent 691 gold pieces at shops.

Inventory:

Hand Weapons
 a - a +9 demon whip of flaming (weapon)
 b - a +0 hand crossbow
 i - a +3 demon whip of flaming
Missiles
 r - 1064 bolts
 B - 14 javelins (quivered)
Armour
 c - a +0 pair of boots (worn)
 f - the +15 plate armour of Byahon (worn) {rPois}
   (You found it on level 2 of the Spider Nest)

   It protects you from poison.
 l - a +2 cloak of willpower (worn)
 n - the +0 pair of gloves of Altruism (worn) {Regen+ Str+6}
   (You bought it in a shop on level 2 of the Orcish Mines)

   It affects your strength (+6).
   It increases your rate of regeneration.
 O - a +2 hat of see invisible (worn)
 P - a +0 tower shield (worn)
Jewellery
 g - an amulet of reflection (around neck)
 h - the ring "Hekhlutz" {+Fly rF+}
   (You took it off a minotaur in a Gauntlet)

   [ring of flight]

   It protects you from fire.
   It lets you fly.
 j - the ring of Beisuag (left hand) {Will++ Str+9 Int+6 Dex-5}
   (You found it on level 6 of the Dungeon)

   [ring of intelligence]

   It affects your strength (+9).
   It affects your intelligence (+6).
   It affects your dexterity (-5).
   It affects your willpower, your defense against some magical effects.
 k - a ring of protection from cold
 o - a +6 ring of strength
 q - the ring "Riler" (right hand) {rC+ Int+6}
   (You found it on level 3 of the Spider Nest)

   [ring of intelligence]

   It affects your intelligence (+6).
   It protects you from cold.
 t - a ring of resist corrosion
 u - the amulet of Ucvunap {RegenMP rElec rPois Slay-2}
   (You took it off a tengu warrior on level 12 of the Dungeon)

   [amulet of magic regeneration]

   It increases your magic regeneration.
   It affects your accuracy and damage with ranged weapons and melee attacks
   (-2).
   It insulates you from electricity.
   It protects you from poison.
Wands
 d - a wand of digging (8)
 e - a wand of charming (22)
 p - a wand of paralysis (8)
 y - a wand of mindburst (26)
Scrolls
 s - 4 scrolls of enchant armour
 D - 7 scrolls of blinking
 E - 2 scrolls of fear
 F - 4 scrolls of fog
 S - a scroll of summoning
 W - 2 scrolls of holy word
 X - a scroll of magic mapping {@r4}
 Y - 13 scrolls of teleportation {@r3}
 Z - 12 scrolls of identify {@r1}
Potions
 C - 3 potions of cancellation
 G - 9 potions of ambrosia
 H - 5 potions of haste
 I - 2 potions of invisibility
 J - 14 potions of curing {@q1}
 M - 6 potions of might
 N - 5 potions of heal wounds {@q2}
 Q - 2 potions of magic
 R - a potion of resistance
 T - 4 potions of berserk rage


   Skills:
 + Level 18.4 Fighting
 - Level 16.2 Maces & Flails
 * Level 13.0 Throwing
 - Level 18.0 Armour
 - Level 15.0 Dodging
 + Level 17.7 Shields


You had 18 spell levels left.
You didn't know any spells.
Your spell library was empty.

Dungeon Overview and Level Annotations

Branches:
Dungeon (15/15)            Temple (1/1) D:7            Lair (6/6) D:8
 Shoals (0/4) Lair:4       Spider (4/4) Lair:2        Slime (0/5) Lair:6
    Orc (2/2) D:11            Elf (0/3) Orc:2        Vaults (4/5) D:14
  Crypt (0/3) Vaults:2     Depths (0/5) D:15        Ossuary (visited)
  IceCv (visited)         Gauntlet (visited)

Altars:
Ashenzari
Cheibriados
Dithmenos
Elyvilon
Fedhas
Gozag
Hepliaklqana
Okawaru
Sif Muna
Trog
Vehumet
Beogh
Jiyva

Shops:
Orc:2 [:[?!   Vaults:1 [=::   Vaults:2 (   Vaults:3 (


Innate Abilities, Weirdness & Mutations

You have a pair of horns on your head.
You reflexively headbutt those who attack you in melee.


Message History

The vault guard is lightly wounded.
The ironbound frostheart calls freezing cold from the walls.
The frost grips you! You partially resist.
* * * LOW HITPOINT WARNING * * *
Your skin crawls.
You feel strong-willed.
The runic seals fade away.
A red film seems to cover your vision as you go berserk!
You feel yourself moving faster!
You feel mighty! The ice encasing you melts away.
Electricity crackles from the ironbound thunderhulk's apparatus.
The bolt of lightning hits you!!!
* * * LOW HITPOINT WARNING * * *
You hit the vault warden. You burn the vault warden.
The vault warden is lightly wounded.
You thrash the vault warden!! You burn the vault warden.
The vault warden is moderately wounded.
The ironbound frostheart calls freezing cold from the walls.
The frost grips you!! You partially resist.
* * * LOW HITPOINT WARNING * * *
You are encased in ice.
You thrash the vault warden!! You burn the vault warden.
The vault warden is severely wounded.
The vault warden activates a sealing rune.
You whack the vault warden! You burn the vault warden.
The vault warden is almost dead.
You closely miss the vault warden.
The vault warden is almost dead.
Electricity crackles from the ironbound thunderhulk's apparatus.
The bolt of lightning hits you!!
* * * LOW HITPOINT WARNING * * *
You thrash the vault warden!! You burn the vault warden.
You kill the vault warden!
The runic seals fade away.
Your Throwing skill increases to level 13!
You thrash the vault guard!! You burn the vault guard.
The vault guard is heavily wounded.
Electricity crackles from the ironbound thunderhulk's apparatus.
The bolt of lightning hits you!!
You die...

###+## #
#.... .#
#.... .#
#.... ..#
#...##..##
#...#)...#..
#..p)pO.....
#..@#....#..
#...##..##
#....#..#
#....# .#
+)...# .#
#+##+#### #
#.....##
##.....##
##.....##


You could see an ironbound thunderhulk, a vault guard and an ironbound
frostheart.

Vanquished Creatures
  Arachne (Spider:2)
  Asterion (Spider:1)
  Agnes (Lair:2)
  Frances (Spider:1)
  3 sphinxes (Vaults:3)
  Gastronok (D:8)
  A fire giant (D:12)
  A frost giant (Vaults:2)
  A curse skull (Vaults:2)
  4 ghost moths
  9 vault wardens
  An orc warlord (Vaults:2)
  4 emperor scorpions
  2 war gargoyles
  8 ironbound preservers
  A quicksilver ooze (shapeshifter) (Vaults:3)
  2 vampire knights (Vaults:2)
  A spark wasp (Spider:2)
  Azrael (Spider:1)
  5 entropy weavers
  11 dire elephants
  2 fire dragons (D:12)
  2 crystal guardians
  Josephine (Lair:4)
  5 yaktaur captains
  2 deep elf high priests (Vaults:2)
  4 great orbs of eyes
  7 vault guards
  13 hydras
  3 centaur warriors
  8 boulder beetles
  5 ironbound frosthearts
  A peacekeeper (Vaults:2)
  2 ogre magi
  An anaconda (Lair:6)
  Urug (D:11)
  8 death yaks
  2 tengu warriors
  A deep troll earth mage (D:12)
  6 two-headed ogres
  5 ironbound beastmasters
  The ghost of diceflayer the Carver, a novice FoFi of Okawaru (D:8)
  A deep elf knight (Spider:2)
  5 skeletal warriors
  2 unseen horrors
  A death drake (Gauntlet)
  12 deep trolls
  A deep elf archer (Spider:2)
  Pikel (D:5)
  6 ironbound convokers
  5 lindwurms
  12 orc knights
  7 wizards
  A phantasmal warrior (Vaults:2)
  2 glowing orange brains
  A deep elf pyromancer (D:15)
  A necromancer (Vaults:2)
  10 orb spiders
  An oklob plant (D:7)
  20 wolf spiders
  5 cyclopes
  42 ugly things
  5 black mambas
  5 manticores
  A merfolk siren (Lair:4)
  Maurice (Orc:1)
  An ice statue (IceCv)
  2 spectral centaurs (Gauntlet)
  21 elephants
  11 vault sentinels
  2 torpor snails
  The ghost of diceflayer the Blocker, a novice FoFi (D:4)
  5 cane toads
  4 rime drakes
  2 komodo dragons
  30 yaktaurs
  2 kobold demonologists (D:15)
  A tengu conjurer (D:15)
  9 demonic crawlers
  A meliai (D:12)
  18 polar bears
  A queen bee (Spider:3)
  31 jumping spiders
  3 trolls
  12 hornets
  5 blink frogs (Lair:6)
  4 dream sheep (Lair:4)
  A snapping turtle (shapeshifter) (Vaults:2)
  29 slime creatures
  64 redbacks
  6 humans (D:14)
  25 tarantellas
  3 shadows
  6 basilisks
  A vampire (D:14)
  10 wraiths
  4 wyverns
  A tarantella (shapeshifter) (D:15)
  52 yaks
  6 fire elementals
  6 vampire mosquitoes
  6 wargs
  2 steam dragons
  Menkaure (D:4)
  An acid dragon (D:12)
  Edmund (D:6)
  12 water moccasins
  A floating eye (shapeshifter) (D:15)
  3 hell hounds
  16 ice beasts
  42 orc warriors
  6 sky beasts
  A hornet zombie (D:11)
  4 black bears
  29 wolves
  A boggart (D:12)
  A necrophage (D:7)
  21 ogres
  29 centaurs
  A lemure (D:5)
  5 phantoms
  Blork the orc (D:6)
  3 kobold brigands
  26 bullfrogs
  A gnoll sergeant (D:7)
  3 elf zombies
  2 elf skeletons (D:5)
  A wyvern skeleton (D:9)
  11 scorpions
  16 killer bees
  36 wights
  A howler monkey (D:11)
  3 electric eels
  A quasit (D:3)
  A lava snake (D:11)
  2 bullfrog zombies
  7 centaur zombies
  8 human zombies
  5 jellies
  6 hounds
  3 centaur skeletons
  13 orc priests
  4 bullfrog skeletons
  Jessica (D:15)
  19 orc wizards
  18 worker ants
  4 iguanas
  A hound zombie (D:5)
  2 hound skeletons
  3 mummies (Ossuary)
  3 gnolls (D:7)
  5 scorpion zombies (Ossuary)
  16 adders
  3 white imps
  2 oozes
  An ufetubus (D:5)
  2 adder skeletons
  6 worms
  3 dart slugs
  3 leopard geckos
  110 orcs
  6 giant cockroaches
  4 goblins
  9 hobgoblins
  9 jackals
  15 kobolds
  9 quokkas
  A ball python skeleton (D:4)
  9 bats
  4 frilled lizards
  4 gnoll zombies (Ossuary)
  A goblin zombie (Ossuary)
  2 hobgoblin zombies (Ossuary)
  A kobold zombie (Ossuary)
  A leopard gecko skeleton (D:4)
  An orc zombie (Ossuary)
  A quokka skeleton (D:4)
  13 rats
1297 creatures vanquished.

Vanquished Creatures (collateral kills)
  A minotaur (Gauntlet)
  A white draconian (IceCv)
  3 polar bears (IceCv)
  A yak (IceCv)
6 creatures vanquished.

Vanquished Creatures (others)
  2 vault guards (D:14)
  A redback (Spider:4)
  A tarantella (Spider:4)
  A wolf (IceCv)
  13 fungi
  35 plants
53 creatures vanquished.

Grand Total: 1356 creatures vanquished

Notes
Turn   | Place    | Note
-------+----------+-------------------------------------------
     0 | D:1      | wakim the Minotaur Berserker began the quest for the Orb.
     0 | D:1      | Reached XP level 1. HP: 19/19 MP: 0/0
   264 | D:1      | Reached XP level 2. HP: 21/27 MP: 1/1
   965 | D:1      | Reached XP level 3. HP: 33/33 MP: 2/2
  1277 | D:2      | Reached ** piety under Trog
  1477 | D:2      | Reached XP level 4. HP: 40/40 MP: 3/3
  1836 | D:2      | Found a broken altar of Ashenzari.
  2063 | D:3      | Reached skill level 5 in Maces & Flails
  2111 | D:3      | Reached XP level 5. HP: 44/47 MP: 4/4
  2407 | D:3      | Reached *** piety under Trog
  2895 | D:3      | Reached XP level 6. HP: 39/53 MP: 5/5
  3108 | D:3      | Found a bloodstained altar of Trog.
  3369 | D:4      | Noticed Menkaure
  3583 | D:4      | Found an opulent altar of Gozag.
  3583 | D:4      | Found an opulent altar of Gozag.
  3585 | D:4      | Found an opulent altar of Gozag.
  3589 | D:4      | Found an opulent altar of Gozag.
  3624 | D:4      | Reached skill level 5 in Armour
  3722 | D:4      | Killed Menkaure
  3723 | D:4      | Reached skill level 5 in Fighting
  3867 | D:4      | Reached XP level 7. HP: 58/61 MP: 6/6
  4221 | D:4      | Found a transporter.
  4224 | D:4      | Noticed diceflayer's ghost (novice FoFi)
  4235 | D:4      | Found a transporter.
  4405 | D:5      | Entered Level 5 of the Dungeon
  4520 | D:5      | Found an iron altar of Okawaru.
  4823 | D:5      | Reached XP level 8. HP: 59/70 MP: 7/7
  4837 | D:5      | Found a sand-covered staircase.
  4848 | Ossuary  | Entered an ossuary
  4925 | Ossuary  | Reached **** piety under Trog
  4984 | Ossuary  | Reached skill level 5 in Dodging
  5656 | D:5      | Reached XP level 9. HP: 72/78 MP: 8/8
  5757 | D:5      | Noticed Pikel
  5791 | D:5      | Killed Pikel
  6450 | D:6      | Noticed Blork the orc
  6469 | D:6      | Killed Blork the orc
  6533 | D:6      | Identified the +3 leather armour "Koesafev" {Harm rPois
                  | rN++ Int-2}
  6679 | D:6      | Identified the ring of Beisuag {Will++ Str+9 Int+6 Dex-5}
  6765 | D:6      | Reached ***** piety under Trog
  6774 | D:6      | Reached skill level 10 in Maces & Flails
  6873 | D:6      | Noticed Edmund
  6878 | D:6      | Killed Edmund
  7157 | D:7      | Found a staircase to the Ecumenical Temple.
  7181 | Temple   | Entered the Ecumenical Temple
  7238 | D:7      | Found a snail-covered altar of Cheibriados.
  7238 | D:7      | Noticed an oklob plant
  7253 | D:7      | Reached skill level 10 in Armour
  7741 | D:7      | Reached XP level 10. HP: 88/88 MP: 9/9
  7758 | D:7      | Found a hazy altar of Hepliaklqana.
  8267 | D:8      | Received a gift from Trog
  8345 | D:8      | Found a staircase to the Lair.
  8349 | D:8      | Reached skill level 1 in Shields
  8462 | D:8      | Found a white marble altar of Elyvilon.
  8617 | D:8      | Found a transporter.
  8617 | D:8      | Noticed diceflayer's ghost (novice FoFi)
  8621 | D:8      | Found a transporter.
  8771 | D:8      | Found a radiant altar of Vehumet.
  8920 | D:8      | Noticed Gastronok
  8930 | D:8      | Killed Gastronok
  9605 | D:4      | Killed diceflayer's ghost
  9801 | D:9      | Reached XP level 11. HP: 79/95 MP: 10/10
 10669 | D:10     | Entered Level 10 of the Dungeon
 11628 | D:10     | Found a blossoming altar of Fedhas.
 11845 | D:11     | Reached skill level 5 in Shields
 11924 | Lair:1   | Entered Level 1 of the Lair of Beasts
 11925 | Lair:1   | Noticed an eight-headed hydra
 11930 | Lair:1   | Killed an eight-headed hydra
 12161 | Lair:1   | Noticed an eight-headed hydra
 12161 | Lair:1   | Noticed a six-headed hydra
 12178 | Lair:1   | Killed a six-headed hydra
 12178 | Lair:1   | Received a gift from Trog
 12184 | Lair:1   | Killed an eight-headed hydra
 12414 | Lair:1   | Reached skill level 10 in Fighting
 12535 | Lair:1   | Noticed a six-headed hydra
 12541 | Lair:1   | Killed a six-headed hydra
 12542 | Lair:1   | Reached XP level 12. HP: 106/106 MP: 11/11
 13074 | Lair:2   | Found a hole to the Spider Nest.
 13561 | Lair:2   | Noticed a five-headed hydra
 13571 | Lair:2   | Killed a five-headed hydra
 13861 | Lair:3   | Noticed an eight-headed hydra
 13884 | Lair:2   | Killed an eight-headed hydra
 14815 | Lair:4   | Identified the +2 robe "Kogarr" {rPois rF- rC+}
 14827 | Lair:4   | Received a gift from Trog
 15201 | Lair:4   | Found a gate leading to a gauntlet.
 15206 | Gauntlet | Entered a Gauntlet
 15206 | Gauntlet | Found a transporter.
 15267 | Gauntlet | Noticed a ghost crab
 15308 | Gauntlet | Found a runed translucent door.
 15310 | Gauntlet | Found a transporter.
 15311 | Gauntlet | Found a transporter.
 15312 | Gauntlet | Found a transporter.
 15313 | Gauntlet | Found the +3 Elemental Staff {rElec rF++ rC++ Will++ AC+5}
 15315 | Gauntlet | Found a transporter.
 15316 | Gauntlet | Found a transporter.
 15324 | Gauntlet | Found a transporter.
 15325 | Gauntlet | Found a transporter.
 15345 | Gauntlet | Noticed a blizzard demon
 15352 | Gauntlet | Found a transporter.
 15352 | Gauntlet | Found a transporter.
 15356 | Gauntlet | Found a transporter.
 15390 | Gauntlet | Found a transporter.
 15524 | Gauntlet | Found a runed translucent door.
 15554 | Gauntlet | Identified the +1 cloak of Virtue {Str+2}
 15612 | Gauntlet | Reached XP level 13. HP: 117/117 MP: 4/12
 15625 | Gauntlet | Identified the ring "Gefeh" {Wiz Will+ Dex+2}
 15645 | Gauntlet | Identified the ring "Hekhlutz" {+Fly rF+}
 15645 | Gauntlet | Noticed a minotaur
 15651 | Gauntlet | Killed a minotaur
 15657 | Gauntlet | Identified the Catalogue of the Volcano
 15657 | Gauntlet | Identified the Incunabulum of Creative Stolen Souls
 15947 | Lair:4   | Noticed Josephine
 15958 | Lair:4   | Killed Josephine
 16361 | Lair:4   | Found a staircase to the Shoals.
 16711 | Lair:4   | Reached skill level 10 in Shields
 16852 | Lair:5   | Reached skill level 15 in Armour
 16995 | Lair:5   | Identified the +2 long sword of War {chaos, Int+4}
 17203 | Lair:5   | Received a gift from Trog
 18196 | Lair:6   | Entered Level 6 of the Lair of Beasts
 18196 | Lair:6   | Found a staircase to the Slime Pits.
 18196 | Lair:6   | Found a viscous altar of Jiyva.
 18269 | Lair:6   | Reached XP level 14. HP: 125/129 MP: 13/13
 19699 | Lair:6   | Reached skill level 10 in Dodging
 19906 | D:11     | Noticed Urug
 19915 | D:11     | Killed Urug
 19999 | D:11     | Received a gift from Trog
 20318 | D:11     | Found a staircase to the Orcish Mines.
 20911 | D:12     | Identified the +7 war axe of the Tired Nightmares {vorpal,
                  | rC+ Str+5 Int+3 Dex-4}
 21036 | D:12     | Identified the amulet of Ucvunap {RegenMP rElec rPois
                  | Slay-2}
 21154 | D:12     | Received a gift from Trog
 21365 | D:12     | Reached ****** piety under Trog
 21728 | D:12     | Identified the Guide on Cloudy Sinister Magic
 21788 | D:12     | Noticed a fire giant
 21795 | D:12     | Killed a fire giant
 22066 | D:12     | Reached XP level 15. HP: 139/139 MP: 14/14
 22998 | D:13     | Identified the +8 flail of Abuse {vorpal, rElec} (Trog
                  | gifted it to you on level 13 of the Dungeon)
 22998 | D:13     | Received a gift from Trog
 24974 | D:14     | Reached skill level 15 in Fighting
 24987 | D:14     | Received a gift from Trog
 25077 | D:14     | Found a gate to the Vaults.
 25276 | Orc:1    | Entered Level 1 of the Orcish Mines
 25365 | Orc:2    | Entered Level 2 of the Orcish Mines
 25367 | Orc:2    | Found a staircase to the Elven Halls.
 25424 | Orc:2    | Found Filocaf's Armour Emporium.
 25454 | Orc:1    | Noticed Maurice
 25458 | Orc:1    | Killed Maurice
 25629 | Orc:1    | Found a frozen archway.
 25656 | IceCv    | Entered an ice cave
 25692 | IceCv    | Received a gift from Trog
 25954 | IceCv    | Reached skill level 15 in Maces & Flails
 25957 | IceCv    | Identified the +7 fustibalus of Qeixajef {venom, +Blink
                  | rPois Will+ Dex-4}
 27446 | Orc:2    | Found Dewemode's Distillery.
 27446 | Orc:2    | Found Hiujum's Magic Scroll Shoppe.
 27503 | Orc:2    | Reached XP level 16. HP: 135/149 MP: 15/15
 27542 | Orc:2    | Received a gift from Trog
 27581 | Orc:2    | Found Faicy's Armour Boutique.
 27581 | Orc:2    | Found Tiyshrax's Book Shoppe.
 27947 | Orc:2    | Bought the +0 pair of gloves of Altruism {Regen+ Str+6} for
                  | 361 gold pieces
 28177 | Spider:1 | Entered Level 1 of the Spider Nest
 28180 | Spider:1 | Identified the +2 kite shield of Proximity {rF- Str+6 Dex+2
                  | SInv}
 28180 | Spider:1 | Noticed Asterion
 28192 | Spider:1 | Noticed an Executioner
 28202 | Spider:1 | Killed Asterion
 28243 | Spider:1 | Noticed Agnes
 28256 | Lair:2   | Killed Agnes
 28357 | Spider:1 | Noticed Azrael
 28441 | Spider:1 | Killed Azrael
 28679 | Spider:1 | Noticed Frances
 28689 | Spider:1 | Killed Frances
 29405 | Spider:2 | Noticed Arachne
 29470 | Spider:2 | Killed Arachne
 29471 | Spider:2 | Reached skill level 1 in Throwing
 29481 | Spider:1 | Reached skill level 15 in Shields
 29881 | Spider:2 | Identified the +15 plate armour of Byahon {rPois}
 30621 | Spider:3 | Identified the ring "Riler" {rC+ Int+6}
 31063 | Spider:3 | Reached skill level 5 in Throwing
 31148 | Spider:3 | Received a gift from Trog
 32082 | D:8      | Killed diceflayer's ghost
 32297 | Spider:4 | Entered Level 4 of the Spider Nest
 32342 | Spider:4 | Reached XP level 17. HP: 159/159 MP: 16/16
 33358 | Spider:4 | Got a gossamer rune of Zot
 33669 | D:15     | Entered Level 15 of the Dungeon
 33683 | D:15     | Received a gift from Trog
 33916 | D:15     | Found a staircase to the Depths.
 33934 | D:15     | Paralysed by a floating eye for 3 turns
 34377 | D:15     | Noticed Jessica
 34387 | D:15     | Killed Jessica
 34395 | D:15     | Found a shimmering blue altar of Sif Muna.
 35034 | Vaults:1 | Entered Level 1 of the Vaults
 35112 | Vaults:1 | Found Muitiaps's Book Boutique.
 35185 | Vaults:1 | Received a gift from Trog
 35227 | Vaults:1 | Found a white marble altar of Elyvilon.
 35237 | Vaults:1 | Found Zuer's Book Emporium.
 35474 | Vaults:1 | Reached XP level 18. HP: 156/170 MP: 17/17
 35690 | Vaults:1 | Found Ipoess's Jewellery Boutique.
 35793 | Vaults:1 | Bought an amulet of reflection for 330 gold pieces
 35913 | Vaults:1 | Reached skill level 10 in Throwing
 36192 | Vaults:1 | Found Ucib's Antique Armour Shop.
 36303 | Vaults:2 | Found a staircase to the Crypt.
 36480 | Vaults:2 | Identified the +10 scimitar "Omosoz" {vamp, Fragile +Blink
                  | rElec Str+4}
 36588 | Vaults:2 | Received a gift from Trog
 36857 | Vaults:2 | Found Poqoamol's Antique Weapon Emporium.
 37649 | Vaults:2 | Found an opulent altar of Gozag.
 37904 | Vaults:3 | Received a gift from Trog
 38155 | Vaults:3 | Reached XP level 19. HP: 158/179 MP: 18/18
 38417 | Vaults:3 | Found Moukoel's Weapon Emporium.
 38574 | Vaults:3 | Reached skill level 15 in Dodging
 38967 | Vaults:4 | Killed from afar by an ironbound thunderhulk

Illustrated notes

Levels and vault maps discovered:
D:1:      dpeg_arrival_long_road, layout_basic, amethyst_killhole,
          minmay_surrounded
D:2:      layout_basic, evilmike_ruin_ashenzari, serial_bayou,
          serial_bayou_shore_a, serial_bayou_ford_a, serial_bayou_pond_b,
          serial_bayou_pond_e, serial_bayou_pond_b, serial_bayou_pond_e
D:3:      layout_basic, nicolae_overflow_hidden_temple
D:4:      layout_loops_ring, nicolae_gozag_conspicuous_consumption,
          gammafunk_ghost_smash, st_stairs_1, uniq_menkaure
D:5:      layout_loops_cross, kennysheep_mini_moat,
          nicolae_ossuary_entry_catacombs, chequers_decorated_corner, uniq_pikel
D:6:      layout_basic, minivault_10, minmay_between, uniq_edmund,
          uniq_blork_the_orc
D:7:      layout_gridville, old_standard_altar, minmay_temple_entry_steel_oval,
          serial_glass, glass_columns_a, glass_columns_a, glass_columns_c,
          glass_columns_a, glass_columns_b, glass_columns_b, glass_columns_a,
          glass_columns_a, chequers_serial_rivers_room_a, lemuel_oklob_altar
D:8:      layout_gridville, kennysheep_mini, grunt_lair_entry_orc_guard_hut,
          gammafunk_ghost_hive, lemuel_centaur_altar, uniq_gastronok
D:9:      layout_rooms, patterned_corridor
D:10:     layout_grid_maze, basic_altar, grunt_decor_arrowhead,
          chequers_serial_rivers_small_a
D:11:     layout_cave_pools, minmay_orc_entry_temple_small,
          minmay_misc_feat_secret_circle, kennysheep_potato, uniq_urug
D:12:     nzn_winding_woodlands_large [nzn_winding_woodlands_5x5_cross,
          nzn_winding_woodlands_5x15_lazy_stream,
          nzn_winding_woodlands_5x5_three, nzn_winding_woodlands_center_lodge,
          nzn_winding_woodlands_15x15_killbox,
          nzn_winding_woodlands_center_triple_pond,
          nzn_winding_woodlands_5x5_open_star,
          nzn_winding_woodlands_5x15_sidewinder,
          nzn_winding_woodlands_5x5_perimeter], layout_long_grid, kb_rosetta
D:13:     layout_basic
D:14:     layout_cave_pools, ximxim_vaults_locker_room
D:15:     hangedman_depths_entry_try_elsewhere_first, layout_loops_corners,
          chequers_serial_rivers_large_a, tgw_sif
Temple:   regret_index_temple_waves
Lair:1:   layout_chaotic_city
Lair:2:   layout_gridlike, spider_nest_entry_web_field
Lair:3:   layout_cave_shapes, nicolae_quartered_pool_little,
          serial_bayou_shore_b, grunt_megastairs_3
Lair:4:   layout_regular_city, minmay_shoals_entry_lonely_mermaid,
          gauntlet_entry_generic, uniq_josephine
Lair:5:   layout_roguey, infiniplex_staircase_pool_2, grunt_megastairs_5
Lair:6:   due_jungle_book, layout_regular_city, slime_altar_1,
          minmay_lair_drake_nest
Spider:1: layout_spider_delve, uniq_azrael, uniq_asterion, uniq_agnes,
          uniq_frances
Spider:2: layout_spider_delve, beargit_elvish_explorers, uniq_arachne
Spider:3: layout_chambers, hive_lemuel
Spider:4: grunt_spider_rune_parallel, hangedman_spider_mandibles, drop_trap,
          nicolae_spider_stair_cavern
Orc:1:    layout_diamond_mine, portal_ice_cave_entry_ice_beasts, mines4_lemuel,
          uniq_maurice
Orc:2:    st_orc_town, layout_caves, serial_shops, shop, mines2_david
Vaults:1: nicolae_vaults_back_hallway, ontoclasm_vaults_loading_screen,
          nicolae_vaults_yaktaur_gun_rack, nicolae_vaults_asterisk,
          vaults_mumra_lcd, hangedman_vaults_snaps, nicolae_vaults_alarming,
          grunt_vaults_hallway_short, layout_vaults_omnigrid, serial_shops,
          shop, nicolae_shop_stone, nicolae_shop_stone, shop, basic_altar
Vaults:2: nicolae_vaults_puzzle_piece, st_star, ontoclasm_vaults_twist,
          minmay_crypt_entry_simple_round, vaults_room_large_hall,
          vaults_dpeg_diagonal, hangedman_vaults_corner, hangedman_vaults_maws,
          hangedman_vaults_capsules, vaults_dpeg_ring, ontoclasm_vaults_eye,
          layout_vaults_ring, serial_shops, nicolae_shop_overgrown_old_shop,
          basic_altar
Vaults:3: vaults_mumra_chevron_long, hangedman_vaults_restitches, v_misc_12,
          v_misc_28, nicolae_vaults_minivaults, v_rooms_6, v_misc_17,
          ontoclasm_vaults_pinch, v_misc_24, layout_vaults_omnibox,
          serial_shops, shop
Vaults:4: ontoclasm_vaults_ring_large, v_alt_pattern_1,
          nicolae_vaults_circle_grid_a, hangedman_vaults_river_flow, v_misc_29,
          nicolae_vaults_rhombus_5, nicolae_vaults_quartermaster,
          nicolae_vaults_network_star, v_rooms_6, vaults_dpeg_cross,
          v_alt_pattern_2, v_misc_22, vaults_room_large_hall,
          vaults_room_corners, layout_vaults_maze_bifur, serial_shops, shop

Skill      XL: |  1  2  3  4  5  6  7  8  9 10 11 12 13 14 15 16 17 18 19 |
---------------+----------------------------------------------------------+-----
Maces & Flails | 4 5 6 7 9 10 11 13 14 15 16 | 16.2
Armour         | 3 4 5 6 8 10 11 13 14 15 17 18 | 18.0
Fighting       | 4 5 6 8 10 11 13 14 15 16 17 18 | 18.4
Dodging        | 3 4 5 6 7 8 9 10 12 13 14 15 | 15.0
Shields        | 3 6 8 11 12 13 15 16 17 | 17.7
Throwing       | 5 9 12 13 | 13.0

Action                   |  1- 3 |  4- 6 |  7- 9 | 10-12 | 13-15 | 16-18 | 19-21 || total
-------------------------+-------+-------+-------+-------+-------+-------+-------++-------
Melee: Mace              |    88 |    72 |       |       |       |       |       ||   160
       Headbutt          |     8 |    16 |    58 |   123 |   297 |   462 |    46 ||  1010
       Flail             |       |    48 |       |       |       |       |       ||    48
       Morningstar       |       |    37 |   273 |   490 |   125 |       |       ||   925
       Demon whip        |       |       |       |       |  1005 |  1596 |   139 ||  2740
 Fire: Hand crossbow     |       |       |     4 |     9 |     3 |       |       ||    16
Throw: Javelin           |       |       |       |       |       |     5 |       ||     5
Invok: Berserk           |       |     2 |     3 |     6 |     2 |     6 |     1 ||    20
       Trog's Hand       |       |     1 |       |     4 |    15 |    21 |     1 ||    42
       Brothers in Arms  |       |       |       |       |     2 |       |     1 ||     3
 Abil: Evoke Flight      |       |       |       |       |       |     1 |       ||     1
Evoke: Wand              |       |       |       |       |       |     1 |       ||     1
  Use: Scroll            |     2 |     7 |     5 |    13 |     9 |     8 |       ||    44
       Potion            |       |       |       |       |       |     2 |       ||     2
Armor: Leather armour    |     7 |       |       |       |       |       |       ||     7
       Ring mail         |    42 |    92 |    26 |       |       |       |       ||   160
       Chain mail        |       |       |   114 |       |    47 |   131 |       ||   292
       Plate armour      |       |       |       |   381 |   177 |   572 |    18 ||  1148
       Fire dragon scale |       |       |       |       |    93 |       |       ||    93
Dodge: Dodged            |    59 |   125 |   134 |   202 |   240 |   357 |    11 ||  1128
Block: Kite shield       |       |       |       |   366 |   445 |       |       ||   811
       Tower shield      |       |       |       |       |   217 |  1886 |    84 ||  2187
       Reflection        |       |       |       |       |       |    46 |     6 ||    52

Table legend: (Time is in decaauts)
 A = Elapsed time spent in this place.
 B = Non-inter-level travel time spent in this place.
 C = Inter-level travel time spent in this place.
 D = Time resting spent in this place.
 E = Time spent auto-exploring this place.
 F = Levels seen in this place.
 G = Mean time per level.
                   A        B        C        D        E       F      G
               +--------+--------+--------+--------+--------+-----+--------+
         Total |  38453 |  35138 |   3315 |    794 |  26631 |  35 | 1098.7 |
       Dungeon |  18707 |  16694 |   2013 |    364 |  13090 |  15 | 1247.1 |
        Temple |      3 |      3 |      0 |      0 |      1 |   1 |    3.0 |
          Lair |   7897 |   7158 |    739 |    200 |   5838 |   6 | 1316.2 |
   Spider Nest |   4245 |   3943 |    302 |     37 |   2711 |   4 | 1061.2 |
  Orcish Mines |   1598 |   1468 |    130 |      0 |   1039 |   2 |  799.0 |
        Vaults |   3701 |   3572 |    129 |     23 |   2604 |   4 |  925.2 |
       Ossuary |    786 |    786 |      0 |      0 |    578 |   1 |  786.0 |
      Ice Cave |   1043 |   1043 |      0 |    169 |    548 |   1 | 1043.0 |
      Gauntlet |    470 |    470 |      0 |      0 |    220 |   1 |  470.0 |
               +--------+--------+--------+--------+--------+-----+--------+

Top non-repeatable levels by time:
     D:8: 1791 daAuts
    D:12: 1628 daAuts
  Lair:6: 1512 daAuts
     D:3: 1488 daAuts
  Lair:5: 1484 daAuts
Vaults:2: 1460 daAuts
  Lair:4: 1452 daAuts
    D:13: 1366 daAuts
    D:14: 1366 daAuts
Spider:3: 1361 daAuts
  Lair:2: 1324 daAuts
    D:10: 1308 daAuts
    D:15: 1267 daAuts
  Lair:1: 1257 daAuts
     D:5: 1215 daAuts
